BR
PUNTA CANA HUTIAS @ GILBERT FIRE FIGHTERS
07/15/2026
 
TOP OF THE 1ST
Punta Cana Hutias batting - Pitching for Gilbert Fire Fighters : RHP Archie Summers
Pitching: RHP Archie Summers
Batting: RHB Bob Lee 0-0: Foul Ball, location: 2F
0-1: Foul Ball, location: 2F
0-2: Strikes out looking
Batting: LHB Carlton López 0-0: Foul Ball, location: 2F
0-1: Ball
1-1: Swinging Strike
1-2: Ball
2-2: Foul Ball, location: 2F
2-2: Foul Ball, location: 2F
2-2: Foul Ball, location: 2F
2-2: Foul Ball, location: 2F
2-2: Ball
3-2: Foul Ball, location: 2F
3-2: Fly out, F9 (Flyball, 9LM)
Batting: LHB Jon Quinn 0-0: Ball
1-0: Swinging Strike
1-1: Reached on error, E5 (Groundball, 56S)
Batting: LHB Henry Durham 0-0: Ball
1-0: Called Strike
1-1: Foul Ball, location: 2F
1-2: Ground out 6-3 (Groundball, 6)
Top of the 1st over - 0 run(s), 0 hit(s), 1 error(s), 1 left on base; Punta Cana 0 - Gilbert 0
BOTTOM OF THE 1ST
Gilbert Fire Fighters batting - Pitching for Punta Cana Hutias : RHP Doug Scott
Pitching: RHP Doug Scott
Batting: RHB Ángel Serrano 0-0: Ground out U3 (Groundball, 3)
Batting: RHB Edgardo Castro 0-0: Ball
1-0: Called Strike
1-1: Ball
2-1: Ball
3-1: Called Strike
3-2: Strikes out swinging
Batting: RHB Stan Simpson 0-0: Swinging Strike
0-1: SINGLE (Flyball, 15)
Batting: RHB William Wilson 0-0: SINGLE (Line Drive, 56)
Stan Simpson to second
Batting: LHB Jim Knight 0-0: SINGLE (Groundball, 6MD)
Stan Simpson to third
William Wilson to second
Runner from 3rd tries for Home, SAFE, no throw or cutoff
Batting: RHB Andrés Silva 0-0: Called Strike
0-1: Reached on error, E6 (Groundball, 56)
William Wilson to third
Jim Knight to second
Batting: RHB Ed Keesee 0-0: Fly out, F9 (Flyball, 89M)
Bottom of the 1st over - 1 run(s), 3 hit(s), 1 error(s), 3 left on base; Punta Cana 0 - Gilbert 1
TOP OF THE 2ND
Punta Cana Hutias batting - Pitching for Gilbert Fire Fighters : RHP Archie Summers
Batting: RHB Edgardo Vásquez 0-0: Ball
1-0: Foul Ball, location: 2F
1-1: Foul Ball, location: 2F
1-2: Ball
2-2: Foul Ball, location: 2F
2-2: Foul Ball, location: 2F
2-2: Foul Ball, location: 2F
2-2: Strikes out swinging
Batting: LHB Gustavo Gómez 0-0: Called Strike
0-1: Foul Ball, location: 2F
0-2: Ball
1-2: Strikes out looking
Batting: RHB Jim Norris 0-0: Called Strike
0-1: SOLO HOME RUN (Flyball, 7D) (Inside the Park)
Batting: SHB Alonso Contrera 0-0: Called Strike
0-1: Ball
1-1: Ball
2-1: Foul Ball, location: 2F
2-2: Strikes out swinging
Top of the 2nd over - 1 run(s), 1 hit(s), 0 error(s), 0 left on base; Punta Cana 1 - Gilbert 1
BOTTOM OF THE 2ND
Gilbert Fire Fighters batting - Pitching for Punta Cana Hutias : RHP Doug Scott
Batting: RHB José Hernández 0-0: Ball
1-0: DOUBLE (Line Drive, 7LS)
Batting: RHB Archie Summers 0-0: SINGLE (Groundball, 6)
José Hernández to third
Runner from 3rd tries for Home, throw and OUT!
Batting: RHB Ángel Serrano 0-0: Grounds into double play, 4-6-3 (Groundball, 34)
Bottom of the 2nd over - 0 run(s), 2 hit(s), 0 error(s), 0 left on base; Punta Cana 1 - Gilbert 1
TOP OF THE 3RD
Punta Cana Hutias batting - Pitching for Gilbert Fire Fighters : RHP Archie Summers
Batting: LHB Marvin Nichols 0-0: Ball
1-0: Bunt for hit - play at first, batter OUT! 1-3
Batting: RHB Bob Lee 0-0: Ball
1-0: Ball
2-0: SINGLE (Line Drive, 56)
Batting: LHB Carlton López 0-0: Ball
1-0: Foul Ball, location: 2F
1-1: Called Strike
1-2: Ball
2-2: Ball
Bob Lee steals 2nd base
3-2: Base on Balls
Batting: LHB Jon Quinn 0-0: DOUBLE (Line Drive, 78M)
Bob Lee scores
Carlton López to third
Runner from 3rd tries for Home, SAFE, no throw or cutoff
Batting: LHB Henry Durham 0-0: Ball
1-0: Called Strike
1-1: Ball
2-1: Foul Ball, location: 2F
2-2: Strikes out swinging
Batting: RHB Edgardo Vásquez 0-0: Fly out, F8 (Flyball, 8LS)
Top of the 3rd over - 2 run(s), 2 hit(s), 0 error(s), 1 left on base; Punta Cana 3 - Gilbert 1
BOTTOM OF THE 3RD
Gilbert Fire Fighters batting - Pitching for Punta Cana Hutias : RHP Doug Scott
Batting: RHB Edgardo Castro 0-0: Ball
1-0: Called Strike
1-1: Swinging Strike
1-2: Ball
2-2: Ball
3-2: Foul Ball, location: 2F
3-2: Foul Ball, location: 2F
3-2: Strikes out swinging
Batting: RHB Stan Simpson 0-0: Reached on error, E5 (Groundball, 5S)
Batting: RHB William Wilson 0-0: Called Strike
0-1: Swinging Strike
0-2: SINGLE (Popup, 6D)
Stan Simpson to third
Batting: LHB Jim Knight 0-0: Ball
1-0: Foul Ball, location: 2F
1-1: Called Strike
1-2: Ball
2-2: Foul Ball, location: 2F
2-2: Fly out, F9 (Flyball, 89M)
Batting: RHB Andrés Silva 0-0: Called Strike
0-1: Fly out, F6 (Line Drive, 6)
Bottom of the 3rd over - 0 run(s), 1 hit(s), 1 error(s), 2 left on base; Punta Cana 3 - Gilbert 1
TOP OF THE 4TH
Punta Cana Hutias batting - Pitching for Gilbert Fire Fighters : RHP Archie Summers
Batting: LHB Gustavo Gómez 0-0: Ball
1-0: Called Strike
1-1: Called Strike
1-2: Ball
2-2: Foul Ball, location: 2F
2-2: Ball
3-2: Foul Ball, location: 2F
3-2: Foul Ball, location: 2F
3-2: Strikes out swinging
Batting: RHB Jim Norris 0-0: Ball
1-0: Ground out 4-3 (Groundball, 4M)
Batting: SHB Alonso Contrera 0-0: Ball
1-0: Ball
2-0: Swinging Strike
2-1: Ball
3-1: Swinging Strike
3-2: Strikes out swinging
Top of the 4th over - 0 run(s), 0 hit(s), 0 error(s), 0 left on base; Punta Cana 3 - Gilbert 1
BOTTOM OF THE 4TH
Gilbert Fire Fighters batting - Pitching for Punta Cana Hutias : RHP Doug Scott
Batting: RHB Ed Keesee 0-0: Called Strike
0-1: Called Strike
0-2: Strikes out looking
Batting: RHB José Hernández 0-0: Called Strike
0-1: Ball
1-1: Swinging Strike
1-2: Ball
2-2: Ground out 5-3 (Groundball, 5)
Batting: RHB Archie Summers 0-0: Foul Ball, location: 2F
0-1: Called Strike
0-2: Foul Ball, location: 2F
0-2: Ball
1-2: Ground out 4-3 (Groundball, 34)
Bottom of the 4th over - 0 run(s), 0 hit(s), 0 error(s), 0 left on base; Punta Cana 3 - Gilbert 1
TOP OF THE 5TH
Punta Cana Hutias batting - Pitching for Gilbert Fire Fighters : RHP Archie Summers
Batting: LHB Marvin Nichols 0-0: Called Strike
0-1: Ground out 4-3 (Groundball, 4)
Batting: RHB Bob Lee 0-0: Called Strike
0-1: Ground out 4-3 (Groundball, 4)
Batting: LHB Carlton López 0-0: Foul Ball, location: 2F
0-1: Called Strike
0-2: Ball
1-2: Strikes out looking
Top of the 5th over - 0 run(s), 0 hit(s), 0 error(s), 0 left on base; Punta Cana 3 - Gilbert 1
BOTTOM OF THE 5TH
Gilbert Fire Fighters batting - Pitching for Punta Cana Hutias : RHP Doug Scott
Batting: RHB Ángel Serrano 0-0: Ball
1-0: Ball
2-0: Called Strike
2-1: Ground out 5-3 (Groundball, 56)
Batting: RHB Edgardo Castro 0-0: Ground out 6-3 (Groundball, 6)
Batting: RHB Stan Simpson 0-0: Ball
1-0: Swinging Strike
1-1: Swinging Strike
1-2: Foul Ball, location: 2F
1-2: Fly out, F3 (Popup, 23F)
Bottom of the 5th over - 0 run(s), 0 hit(s), 0 error(s), 0 left on base; Punta Cana 3 - Gilbert 1
TOP OF THE 6TH
Punta Cana Hutias batting - Pitching for Gilbert Fire Fighters : RHP Archie Summers
Pitching: LHP Miguel Rodríguez
Batting: LHB Jon Quinn 0-0: Foul Ball, location: 2F
0-1: Fly out, F6 (Line Drive, 6M)
Batting: LHB Henry Durham 0-0: Called Strike
0-1: Swinging Strike
0-2: Ball
1-2: Ball
2-2: Strikes out swinging
Batting: RHB Edgardo Vásquez 0-0: Fly out, F7 (Flyball, 7M)
Top of the 6th over - 0 run(s), 0 hit(s), 0 error(s), 0 left on base; Punta Cana 3 - Gilbert 1
BOTTOM OF THE 6TH
Gilbert Fire Fighters batting - Pitching for Punta Cana Hutias : RHP Doug Scott
Batting: RHB William Wilson 0-0: Fly out, F8 (Flyball, 8RD)
Batting: LHB Jim Knight 0-0: Ball
1-0: Ball
2-0: Called Strike
2-1: Swinging Strike
2-2: Ball
3-2: Strikes out swinging
Batting: RHB Andrés Silva 0-0: Called Strike
0-1: Ground out 5-3 (Groundball, 56)
Bottom of the 6th over - 0 run(s), 0 hit(s), 0 error(s), 0 left on base; Punta Cana 3 - Gilbert 1
TOP OF THE 7TH
Punta Cana Hutias batting - Pitching for Gilbert Fire Fighters : LHP Miguel Rodríguez
Batting: LHB Gustavo Gómez 0-0: SINGLE (Line Drive, 9S)
Batting: RHB Jim Norris 0-0: Ball
1-0: Bunt - Flyout! F2
Batting: SHB Alonso Contrera 0-0: Foul Ball, location: 2F
0-1: Ball
1-1: Ball
2-1: Foul Ball, location: 2F
2-2: Foul Ball, location: 2F
2-2: Strikes out swinging
Batting: LHB Marvin Nichols 0-0: Fly out, F5 (Popup, 5F)
Top of the 7th over - 0 run(s), 1 hit(s), 0 error(s), 1 left on base; Punta Cana 3 - Gilbert 1
BOTTOM OF THE 7TH
Gilbert Fire Fighters batting - Pitching for Punta Cana Hutias : RHP Doug Scott
Batting: RHB Ed Keesee 0-0: Ball
1-0: Fly out, F5 (Popup, 5SF)
Batting: RHB José Hernández 0-0: Called Strike
0-1: Ground out 6-3 (Groundball, 6)
Batting: RHB Archie Summers 0-0: DOUBLE (Groundball, 5L)
Batting: RHB Ángel Serrano 0-0: Ball
1-0: Fly out, F9 (Flyball, 9LS)
Bottom of the 7th over - 0 run(s), 1 hit(s), 0 error(s), 1 left on base; Punta Cana 3 - Gilbert 1
TOP OF THE 8TH
Punta Cana Hutias batting - Pitching for Gilbert Fire Fighters : LHP Miguel Rodríguez
Pitching: RHP Ernest Elliott
Batting: RHB Bob Lee 0-0: Ball
1-0: SINGLE (Flyball, 89M)
Batting: LHB Carlton López 0-0: Foul Ball, location: 2F
0-1: Ball
1-1: Called Strike
1-2: Fielders Choice at 2nd, 6-4 (Groundball, 6M)
Batting: LHB Jon Quinn 0-0: Called Strike
0-1: Called Strike
0-2: Foul Ball, location: 2F
0-2: Strikes out swinging
Batting: LHB Henry Durham 0-0: Ball
1-0: Reached on error, E1 (Groundball, 13)
Carlton López to second
Pinch Hitting: RHB Rubén Hernández 0-0: Called Strike
0-1: DOUBLE (Groundball, 5L)
Carlton López scores
Henry Durham to third
Runner from 3rd tries for Home, SAFE, no throw or cutoff
Pitching: RHP Mauro Vásquez
Batting: LHB Gustavo Gómez 0-0: Ball
1-0: Called Strike
1-1: Foul Ball, location: 2F
1-2: Strikes out swinging
Top of the 8th over - 2 run(s), 2 hit(s), 1 error(s), 1 left on base; Punta Cana 5 - Gilbert 1
BOTTOM OF THE 8TH
Gilbert Fire Fighters batting - Pitching for Punta Cana Hutias : RHP Doug Scott
Now at 2B: Carlos Ruíz
Batting: RHB Edgardo Castro 0-0: Ground out 6-3 (Groundball, 6)
Batting: RHB Stan Simpson 0-0: Ball
Reached via error on a dropped throw, E3
Pitching: RHP Bob Holland
Batting: RHB William Wilson 0-0: Foul Ball, location: 2F
0-1: Foul Ball, location: 2F
0-2: Ball
1-2: Foul Ball, location: 2F
1-2: Fly out, F6 (Popup, 6M)
Batting: LHB Jim Knight 0-0: Foul Ball, location: 2F
0-1: Fielders Choice at 2nd, U4 (Groundball, 4M)
Bottom of the 8th over - 0 run(s), 0 hit(s), 1 error(s), 1 left on base; Punta Cana 5 - Gilbert 1
TOP OF THE 9TH
Punta Cana Hutias batting - Pitching for Gilbert Fire Fighters : RHP Mauro Vásquez
Batting: RHB Jim Norris 0-0: Ball
1-0: Ground out 5-3 (Groundball, 5)
Batting: SHB Alonso Contrera 0-0: SINGLE (Groundball, 5D)
Batting: LHB Marvin Nichols 0-0: Fielders Choice at 2nd, 1-6 (Groundball, 13)
Batting: RHB Bob Lee 0-0: Ball
1-0: Ball
Wild Pitch!
Marvin Nichols to second
2-0: SINGLE (Line Drive, 4M)
Marvin Nichols to third
Runner from 3rd tries for Home, throw and OUT!
Top of the 9th over - 0 run(s), 2 hit(s), 0 error(s), 1 left on base; Punta Cana 5 - Gilbert 1
BOTTOM OF THE 9TH
Gilbert Fire Fighters batting - Pitching for Punta Cana Hutias : RHP Bob Holland
Pitching: LHP Rubén Pérez
Batting: RHB Andrés Silva 0-0: SOLO HOME RUN (Flyball, 7D), Distance : 387 ft
Batting: RHB Ed Keesee 0-0: Called Strike
0-1: Ground out 6-3 (Groundball, 6)
Batting: RHB José Hernández 0-0: Ball
1-0: Swinging Strike
1-1: Ball
2-1: Swinging Strike
2-2: SINGLE (Groundball, 56D)
Batting: RHB Archie Summers 0-0: SINGLE (Groundball, 6M)
José Hernández to second
Batting: RHB Ángel Serrano 0-0: Called Strike
0-1: Foul Ball, location: 2F
0-2: Ball
1-2: Foul Ball, location: 2F
1-2: SINGLE (Flyball, 8RS)
José Hernández to third
Archie Summers to second
Batting: RHB Edgardo Castro 0-0: Fly out, F7 (Line Drive, 7M)
Runner from 3rd tags up, SCORES, throw made
Batting: RHB Stan Simpson 0-0: Ball
1-0: Called Strike
1-1: Ball
2-1: Foul Ball, location: 2F
2-2: Foul Ball, location: 2F
2-2: Ground out U3 (Groundball, 3S)
Bottom of the 9th over - 2 run(s), 4 hit(s), 0 error(s), 2 left on base; Punta Cana 5 - Gilbert 3
Monday, December 5th, 2016 - OOTP Baseball 17.12 Build 75